Map: Magannatha LE

Players

SubN - Winner!

  • Race: Zerg Zerg
  • League: Diamond
  • Spawn Location: 11:00

aaaaKimojiii

  • Race: Zerg Zerg
  • League: Platinum
  • Spawn Location: 5:00

VOD

Have the link to the VOD?

Description

Time

  • Played on: July 26, 2025, 10:49 p.m.
  • Length: 10:31
Show
View Real Time Build Order
Export as new Build Order

SubN Zerg - Winner!

Build Orders: Hatch First 

Get SALT Encoding   

  12  0:00  Drone  
  13  0:12  Overlord  
  13  0:16  Drone  
  14  0:30  Drone x2  
  16  0:47  Hatchery  
  15  0:51  Drone  
  15  0:54  Drone  
  17  0:59  Extractor  
  17  1:03  Drone  
  17  1:17  Spawning Pool  
  16  1:19  Drone  
  16  1:20  Drone  
  18  1:28  Drone  
  19  1:49  Overlord  
  19  2:03  Queen  
  19  2:04  Queen  
  19  2:07  Drone x3  
  26  2:13  Drone x2  
  28  2:20  Drone  
  30  2:30  Drone  
  30  2:37  Drone x2  
  30  2:38  Roach Warren  
  30  2:42  Queen  
  33  2:49  Drone x2  
  35  2:58  Drone  
  36  3:00  Overlord, Extractor  
  36  3:04  Drone  
  36  3:17  Overlord  
  36  3:20  Overlord  
  36  3:23  Lair  
  36  3:32  Evolution Chamber  
  35  3:35  Drone x2, Evolution Chamber  
  35  3:36  Drone x4  
  35  3:39  Extractor  
  39  3:47  Overlord x2  
  39  3:52  Drone x3  
  42  3:56  Roach x2  
  42  4:01  Roach  
  48  4:04  Roach  
  50  4:11  Roach  
  52  4:19  Roach x2  
  56  4:29  Drone  
  56  4:30  Drone x3  
  56  4:31  Drone  
  61  4:32  Glial Reconstitution  
  61  4:42  Roach  
  61  4:43  Roach x2  
  67  4:46  Overlord  
  67  5:01  Overlord  
  67  5:04  Drone  
  68  5:18  Zerg Ground Armor Level 1, Zerg Missile Weapons Level 1  
  68  5:21  Roach  
  68  5:22  Roach x7  
  68  5:27  Overlord x3  
  84  5:31  Hatchery  
  83  5:45  Roach  
  83  5:46  Roach x2  
  89  6:03  Roach x6  
  89  6:18  Roach  
  89  6:19  Roach x4  
  89  6:24  Drone  
  100  6:28  Extractor  
  100  6:31  Roach x2  
  100  6:32  Roach x2  
  107  6:37  Overlord  
  107  6:49  Queen  
  107  6:50  Roach  
  107  6:51  Roach  
  113  6:54  Overlord x2  
  113  6:55  Overlord  
  113  7:08  Roach x4  
  121  7:29  Roach  
  125  7:30  Roach x11  
  125  7:45  Drone x5  
  125  7:46  Queen  
  125  7:49  Zerg Missile Weapons Level 2  
  125  7:51  Zerg Ground Armor Level 2  
  132  8:00  Ravager x3  
  132  8:05  Ravager  
  136  8:13  Drone, Extractor  
  136  8:14  Drone x2  
  136  8:15  Drone x2  
  136  8:16  Drone  
  136  8:18  Drone x5  
  146  8:31  Overlord x2  
  146  8:32  Overlord x4  
  146  9:00  Roach  
  146  9:01  Roach x12  
  172  9:14  Overseer  
  172  9:16  Roach x7  
  186  9:27  Roach x4  
  194  9:39  Overlord x2  
  194  9:40  Overlord x2  
  194  9:52  Hatchery  
  193  10:06  Roach x3  
  193  10:07  Extractor, Roach  
Show
View Real Time Build Order
Export as new Build Order

aaaaKimojiii Zerg 

Build Orders: Hatch First 

Get SALT Encoding   

  12  0:01  Drone  
  13  0:08  Drone  
  14  0:16  Overlord  
  14  0:34  Drone x2  
  16  0:46  Hatchery  
  16  0:49  Drone  
  16  0:53  Drone  
  16  0:57  Drone  
  18  1:11  Spawning Pool  
  18  1:13  Extractor  
  18  1:16  Drone  
  17  1:19  Drone  
  18  1:29  Drone  
  19  1:40  Overlord  
  19  1:53  Drone  
  20  2:03  Queen  
  22  2:10  Hatchery  
  22  2:14  Queen  
  23  2:21  Drone  
  24  2:24  Metabolic Boost  
  24  2:27  Drone  
  25  2:31  Drone  
  25  2:36  Drone  
  27  2:37  Drone  
  28  2:50  Roach Warren  
  27  3:02  Zergling x8  
  27  3:03  Drone x2  
  33  3:13  Overlord  
  33  3:17  Zergling x2  
  34  3:22  Overlord  
  34  3:37  Roach  
  34  3:38  Roach x5  
  34  3:40  Roach  
  48  3:51  Queen  
  50  4:00  Drone x5  
  50  4:02  Drone  
  56  4:17  Roach  
  56  4:18  Overlord  
  56  4:19  Overlord  
  57  4:34  Evolution Chamber  
  57  4:36  Drone, Evolution Chamber  
  57  4:37  Drone x6  
  62  4:44  Extractor  
  61  4:48  Extractor  
  60  4:56  Overlord x2  
  60  4:57  Overlord, Roach  
  60  4:58  Roach  
  60  4:59  Roach  
  66  5:01  Roach  
  66  5:04  Roach  
  66  5:06  Roach  
  70  5:22  Zerg Missile Weapons Level 1  
  70  5:37  Drone x5  
  70  5:38  Drone x7  
  82  5:47  Zerg Ground Armor Level 1  
  78  6:06  Drone x8  
  78  6:07  Drone  
  83  6:11  Lair  
  83  6:15  Extractor  
  78  6:20  Roach x6  
  84  6:25  Spine Crawler  
  84  6:26  Spine Crawler x2  
  84  6:30  Roach x2  
  85  6:44  Roach  
  85  6:45  Roach x5  
  97  7:00  Overlord  
  97  7:01  Overlord x2  
  91  7:29  Roach  
  87  7:30  Roach x4  
  85  7:44  Roach x2  
  89  7:56  Ravager x5  
  94  7:58  Roach  
  94  7:59  Roach x2  
  100  8:18  Roach x4  
  108  8:24  Hatchery, Ravager x4  
  111  8:38  Roach x2  
  115  9:02  Overlord x5  
  115  9:29  Roach x2  
  115  9:30  Roach x4  
  127  9:36  Hydralisk Den  
  126  9:42  Queen  
Tags
 
Add a new tag
Caveats
  • Supply blocks, unpowered buildings, or Contaminate may cause inaccurate times.
  • Supply counts are checked every 10 seconds.